[Event "Titled Tuesday Blitz April 25 Late 2023"]
[White "Adla, Diego"]
[Black "Durarbayli, Vasif"]
[WhiteFideId "100072"]
[BlackFideId "13402935"]
[WhiteElo "2377"]
[BlackElo "2551"]
[Result "1/2-1/2"]
[Round "05"]
[TimeControl "180+2"]
[Date "2023.04.25"]
[WhiteClock "0:00:09"]
[BlackClock "0:00:06"]

1. c4 c5 2. Nf3 Nf6 3. Nc3 e6 4. d4 cxd4 5. Nxd4 a6 6. g3 Qc7 7. Bg2 Qxc4 8. O-O Nc6 9. Nb3 d5 10. Bf4 Qb4 11. a3 Qb6 12. e4 dxe4 13. Nxe4 Nxe4 14. Bxe4 Be7 15. Qc2 h6 16. Be3 Qc7 17. Bf4 Qb6 18. Be3 Qc7 19. Bf4 Bd6 20. Bxd6 Qxd6 21. Rfd1 Qc7 22. Na5 O-O 23. Nxc6 bxc6 24. Qxc6 Qxc6 25. Bxc6 Rb8 26. b4 Rb6 27. Rac1 e5 28. Rc5 Bg4 29. Rd3 Rc8 30. Bd7 Bxd7 31. Rxd7 Rxc5 32. bxc5 Rc6 33. Ra7 e4 34. Kf1 f5 35. Ke2 Kh7 36. h4 Kg6 37. Ke3 Rxc5 38. Rxa6+ Kh5 39. a4 g5 40. hxg5 hxg5 41. a5 Kg4 42. Ra8 Rc3+ 43. Ke2 Rc2+ 44. Ke3 Rc3+ 45. Ke2 Kh3 46. a6 Kg2 47. a7 Ra3 48. Rf8 Rxa7 49. Rxf5 g4 50. Rf4 Ra3 51. Rxg4 Rf3 52. Rf4 Ra3 53. Rxe4 Ra2+ 54. Ke3 Rxf2 55. g4 Kg3 56. g5 Rf8 57. g6 Rg8 58. Re6 Kg4 59. Ke4 Kg5 60. Ke5 Rxg6 61. Rxg6+ Kxg6 1/2-1/2


[Site "https://www.chess.com"]

[Event "Titled Tuesday Blitz April 25 Late 2023"]
[White "Indjic, Aleksandar"]
[Black "Ezat, Mohamed"]
[WhiteFideId "911925"]
[BlackFideId "10600906"]
[WhiteElo "2614"]
[BlackElo "2386"]
[Result "0-1"]
[Round "05"]
[TimeControl "180+2"]
[Date "2023.04.25"]
[WhiteClock "0:00:10"]
[BlackClock "0:00:13"]

1. c4 Nf6 2. Nc3 g6 3. d4 Bg7 4. e4 d6 5. Be2 O-O 6. Be3 c5 7. d5 a6 8. a4 e6 9. Nf3 exd5 10. cxd5 Re8 11. Nd2 Nbd7 12. O-O Qc7 13. h3 b6 14. Bf4 Ne5 15. Bh2 Bb7 16. f4 Ned7 17. Bc4 Re7 18. g4 Rae8 19. Qf3 h6 20. Bg3 Nh7 21. e5 dxe5 22. Nde4 Qb8 23. d6 Re6 24. Bxe6 Rxe6 25. f5 Ng5 26. Nxg5 hxg5 27. fxe6 Bxf3 28. exf7+ Kxf7 29. Rxf3+ Ke6 30. Ne4 Bf6 31. Rd1 Qb7 32. Rxf6+ Nxf6 33. Nxf6 Qf3 34. Rd2 Qe3+ 35. Rf2 Qxg3+ 36. Kf1 Qd3+ 37. Kg2 Kxd6 38. Rf3 Qc2+ 39. Rf2 Qb1 40. Rd2+ Ke6 41. Nd5 Qe4+ 42. Kf2 Qxd5 43. Rxd5 Kxd5 44. Ke3 b5 45. axb5 axb5 0-1


[Site "https://www.chess.com"]

[Event "Titled Tuesday Blitz April 25 Late 2023"]
[White "Bitoon, Richard"]
[Black "Shivakumar, Shawnak"]
[WhiteFideId "5201110"]
[BlackFideId "30940192"]
[WhiteElo "2374"]
[BlackElo "2089"]
[Result "0-1"]
[Round "05"]
[TimeControl "180+2"]
[Date "2023.04.25"]
[WhiteClock "0:00:02"]
[BlackClock "0:01:56"]

1. e4 c5 2. c3 Nf6 3. e5 Nd5 4. d4 cxd4 5. Nf3 Nc6 6. Bc4 e6 7. O-O dxc3 8. Bxd5 exd5 9. Nxc3 d6 10. Bg5 Be7 11. Bxe7 Nxe7 12. exd6 Qxd6 13. Nb5 Qb6 14. Qe2 O-O 15. Nxa7 Rxa7 16. Qxe7 Qxb2 17. a4 Bf5 18. Qc5 Rfa8 19. Qxd5 Ra5 20. Qd6 Be4 21. Rad1 h6 22. Nd2 Bd5 23. Rfe1 Kh7 24. Nf1 Bc6 25. Qd3+ g6 26. Rd2 Qf6 27. Ne3 Rxa4 28. Rde2 Ra3 29. Qc4 R8a4 30. Qc5 Ra2 31. Ng4 Rxg4 32. Rxa2 Bxg2 0-1


[Site "https://www.chess.com"]

[Event "Titled Tuesday Blitz April 25 Late 2023"]
[White "Espinosa, Pedro"]
[Black "Leitao, Rafael"]
[WhiteFideId "30921066"]
[BlackFideId "2101246"]
[WhiteElo "2016"]
[BlackElo "2609"]
[Result "0-1"]
[Round "05"]
[TimeControl "180+2"]
[Date "2023.04.25"]
[WhiteClock "0:00:17"]
[BlackClock "0:00:16"]

1. d4 Nf6 2. c4 g6 3. Nc3 Bg7 4. e4 d6 5. Nf3 O-O 6. Be2 Nbd7 7. O-O e5 8. Be3 Qe7 9. Qc2 c6 10. d5 c5 11. Ne1 Kh8 12. Nd3 Ng8 13. a3 Bh6 14. Bxh6 Nxh6 15. b4 b6 16. a4 a5 17. bxa5 Rxa5 18. Nc1 f5 19. Nb3 Ra8 20. a5 bxa5 21. Nxa5 Qf6 22. Nb5 fxe4 23. Nc7 Ra7 24. Ne6 Rg8 25. Nc6 Rxa1 26. Rxa1 Nf8 27. Nc7 e3 28. fxe3 Nf5 29. Rf1 Qg5 30. Qd2 Bd7 31. Nb5 h6 32. Bf3 Nxe3 33. Re1 Nxc4 34. Qxg5 hxg5 35. Nba7 g4 36. Be2 Ne3 37. Rb1 Nxd5 38. Nd8 Kg7 39. Nb7 Ne6 40. Nxd6 Nd4 41. Nab5 Nxe2+ 42. Kf2 Nd4 43. Nxd4 exd4 44. Rb7 Rd8 45. Kg3 d3 46. Ne4 c4 47. Kf2 c3 48. Nxc3 Nxc3 49. Ke3 Kf6 50. Kxd3 Bc6+ 51. Kxc3 Bxb7 52. h3 Bxg2 53. hxg4 Kg5 54. Kc4 Kxg4 55. Kc5 Kf4 56. Kb6 Bf3 57. Kc7 Rd1 58. Kb6 g5 59. Kc5 g4 60. Kb4 g3 61. Kc3 g2 62. Kb3 g1=Q 63. Ka3 Qc5+ 64. Kb2 Rc1 65. Kb3 Qc4+ 66. Kb2 Qc3+ 67. Ka2 Ra1# 0-1


[Site "https://www.chess.com"]

[Event "Titled Tuesday Blitz April 25 Late 2023"]
[White "Goltsev, Dmitry"]
[Black "Rosen, Eric"]
[WhiteFideId "24176710"]
[BlackFideId "2032562"]
[WhiteElo "2336"]
[BlackElo "2331"]
[Result "1/2-1/2"]
[Round "05"]
[TimeControl "180+2"]
[Date "2023.04.25"]
[WhiteClock "0:00:04"]
[BlackClock "0:00:07"]

1. e4 c5 2. Nf3 Nc6 3. d4 cxd4 4. Nxd4 g6 5. Nc3 Bg7 6. Be3 Nf6 7. Be2 O-O 8. O-O d5 9. exd5 Nb4 10. Nf3 Nbxd5 11. Nxd5 Qxd5 12. c4 Qa5 13. h3 Rd8 14. Qb3 b6 15. Rad1 Bb7 16. Rxd8+ Rxd8 17. Rd1 Rxd1+ 18. Qxd1 Kf8 19. Qd8+ Ne8 20. c5 Bc6 21. Qc8 Qa4 22. Ng5 h6 23. b3 Qxa2 24. Nh7+ Kg8 25. Qxc6 Qxe2 26. Qxe8+ Kxh7 27. c6 Qe1+ 28. Kh2 Qc3 29. Qd7 Be5+ 30. g3 Bd6 31. b4 b5 32. Bxa7 h5 33. Be3 h4 34. Bf4 hxg3+ 35. Bxg3 Bxg3+ 36. fxg3 Qc2+ 37. Kg1 Qc1+ 38. Kf2 Qc2+ 39. Ke3 Qc3+ 40. Ke4 Qc4+ 41. Ke3 Qc3+ 42. Ke2 Qc2+ 43. Kf3 Qc3+ 44. Ke2 Qc2+ 45. Ke1 Qc3+ 46. Kf2 Qc2+ 47. Kf3 Qc3+ 48. Kg2 Qc2+ 49. Kf1 Qc1+ 50. Ke2 Qc2+ 1/2-1/2


[Site "https://www.chess.com"]

[Event "Titled Tuesday Blitz April 25 Late 2023"]
[White "Przybylski, Wojciech"]
[Black "Yanchenko, Roman"]
[WhiteFideId "1117599"]
[BlackFideId "4137329"]
[WhiteElo "2222"]
[BlackElo "2491"]
[Result "1-0"]
[Round "05"]
[TimeControl "180+2"]
[Date "2023.04.25"]
[WhiteClock "0:00:18"]
[BlackClock "0:00:07"]

1. e4 e6 2. d4 d5 3. Nc3 Bb4 4. a3 Bxc3+ 5. bxc3 dxe4 6. Qg4 Nf6 7. Qxg7 Rg8 8. Qh6 c5 9. Ne2 Rg6 10. Qe3 Qa5 11. Bd2 Qa4 12. Ra2 Nc6 13. dxc5 Nd5 14. Qh3 Qc4 15. Rb2 Qxc5 16. Qxh7 Qxa3 17. Qh8+ Kd7 18. Rb1 b6 19. Nd4 Bb7 20. Qh7 Qf8 21. Bb5 e3 22. Bxe3 Nxc3 23. Nxc6 Bxc6 24. Bxc6+ Kxc6 25. Rb3 Nd5 26. Qh4 Kb7 27. c4 Ne7 28. Qe4+ Nc6 29. c5 f5 30. Qf3 Qg7 31. O-O Rg8 32. g3 Qe5 33. cxb6 a5 34. Rc1 Qe4 35. Qxe4 fxe4 36. Rbc3 e5 37. h4 Rd8 38. h5 Re6 39. h6 Rd7 40. g4 Rg6 41. g5 Rd8 42. Kg2 Rh8 43. Kh3 Nd4 44. Rc5 Nf5 45. Rxe5 Nxe3 46. fxe3 Kxb6 47. Kh4 a4 48. Kh5 Rd6 49. Ra1 Rd2 50. Rxa4 Rh2+ 51. Kg6 Rg8+ 52. Kh7 Rc8 53. Raxe4 Rc6 54. Re6 Kc5 55. Rxc6+ Kxc6 56. g6 Kd5 57. Rf4 Ke5 58. g7 1-0


[Site "https://www.chess.com"]

[Event "Titled Tuesday Blitz April 25 Late 2023"]
[White "Oro, Faustino"]
[Black "Richter, Paul"]
[WhiteFideId "20000197"]
[BlackFideId "2046350"]
[WhiteElo "1984"]
[BlackElo "2171"]
[Result "1-0"]
[Round "05"]
[TimeControl "180+2"]
[Date "2023.04.25"]
[WhiteClock "0:00:08"]
[BlackClock "0:00:09"]

1. e4 c5 2. Nf3 d6 3. Bb5+ Nc6 4. O-O Bd7 5. Re1 Nf6 6. Bf1 Bg4 7. h3 Bxf3 8. Qxf3 g6 9. c3 Bg7 10. d3 O-O 11. Nd2 b5 12. Qd1 Nd7 13. Nf3 Nde5 14. Nxe5 Bxe5 15. Be3 Qb6 16. Qd2 b4 17. Rad1 bxc3 18. bxc3 Qa5 19. d4 Bg7 20. h4 Rab8 21. h5 Qa3 22. Bc4 Na5 23. Bd3 Rb2 24. Qc1 c4 25. Bb1 Rfb8 26. Re2 Nc6 27. hxg6 hxg6 28. g3 R8b5 29. Kg2 e6 30. Rh1 Bf6 31. Bh6 Ne7 32. Be3 Nc6 33. Rhe1 a6 34. Rh1 Ne7 35. g4 d5 36. e5 Bg7 37. Bh6 Rxb1 38. Qxa3 Rxh1 39. Kxh1 Bxh6 40. Qxe7 Bf8 41. Qe8 Rb1+ 42. Kg2 Rb7 43. Qc6 Re7 44. Qxa6 Rc7 45. Qb6 Rd7 46. a4 Be7 47. a5 Bd8 48. Qb8 Kg7 49. a6 Bg5 50. a7 1-0


[Site "https://www.chess.com"]

[Event "Titled Tuesday Blitz April 25 Late 2023"]
[White "Javakhadze, Zurab"]
[Black "Sztokbant, Bernardo Vainzoff"]
[WhiteFideId "13603647"]
[BlackFideId "2115956"]
[WhiteElo "2381"]
[BlackElo "2222"]
[Result "1-0"]
[Round "05"]
[TimeControl "180+2"]
[Date "2023.04.25"]
[WhiteClock "0:00:16"]
[BlackClock "0:00:20"]

1. d4 d5 2. c4 dxc4 3. e3 e5 4. Bxc4 exd4 5. exd4 Nf6 6. Nf3 Bb4+ 7. Nc3 O-O 8. O-O Nc6 9. Bg5 Be7 10. h3 h6 11. Bf4 Bd6 12. Ne5 Ne7 13. Qb3 Qe8 14. Rfe1 Bxe5 15. Bxe5 Nh7 16. Nb5 Qc6 17. Nxc7 Bxh3 18. gxh3 Ng5 19. d5 Qg6 20. Kf1 Rac8 21. d6 Nc6 22. Bg3 Rcd8 23. Qxb7 Nd4 24. Qd5 Nc2 25. Bd3 Qh5 26. Bxc2 Qxh3+ 27. Kg1 Qg4 28. Qf5 Nf3+ 29. Kh1 Qxf5 30. Bxf5 Nxe1 31. Rxe1 g6 32. Bc2 Rd7 33. Bb3 Rfd8 34. Nd5 Rxd6 35. Bxd6 Rxd6 36. Re7 a5 37. a4 Kf8 38. Ra7 Re6 39. Rxa5 Re2 40. Kg2 Rxb2 41. Rb5 Rxb3 42. Rxb3 1-0


[Site "https://www.chess.com"]

[Event "Titled Tuesday Blitz April 25 Late 2023"]
[White "Remolar Gallen, Jose"]
[Black "Horton, Andrew P"]
[WhiteFideId "2215187"]
[BlackFideId "424269"]
[WhiteElo "2223"]
[BlackElo "2401"]
[Result "0-1"]
[Round "05"]
[TimeControl "180+2"]
[Date "2023.04.25"]
[WhiteClock "0:00:01"]
[BlackClock "0:00:07"]

1. d4 Nf6 2. Nf3 e6 3. e3 b6 4. Bd3 Bb7 5. O-O Be7 6. Nbd2 O-O 7. b3 c5 8. Bb2 cxd4 9. exd4 d5 10. Qe2 Nc6 11. a3 Rc8 12. Rad1 Nd7 13. Ne5 Ncxe5 14. dxe5 Nc5 15. Nf3 Nxd3 16. Qxd3 Qc7 17. Nd4 Qxe5 18. Nc6 Qc7 19. Qg3 f6 20. Nxe7+ Qxe7 21. Qd3 e5 22. Rfe1 Qc7 23. Rd2 Rfe8 24. Rc1 Red8 25. h4 Qf7 26. c4 d4 27. Qg3 Qg6 28. Qxg6 hxg6 29. f4 Re8 30. Re1 Rcd8 31. Kf2 Kf7 32. g4 Bc8 33. g5 Bf5 34. b4 Rc8 35. Rc1 Be6 36. c5 bxc5 37. bxc5 Rb8 38. Re1 Bd5 39. Rde2 d3 40. Rd2 e4 41. Ke3 f5 42. Rc1 Rec8 43. Be5 Rb3 44. Rb2 Rxb2 45. Bxb2 Bc6 46. Be5 Bd5 47. Bd4 Bc6 48. Rb1 Rh8 49. Rh1 Rh7 50. Rh2 Ke6 0-1


[Site "https://www.chess.com"]

[Event "Titled Tuesday Blitz April 25 Late 2023"]
[White "Khandelwal, Ankush"]
[Black "Larino Nieto, David"]
[WhiteFideId "413470"]
[BlackFideId "2256444"]
[WhiteElo "2263"]
[BlackElo "2506"]
[Result "1-0"]
[Round "05"]
[TimeControl "180+2"]
[Date "2023.04.25"]
[WhiteClock "0:00:33"]
[BlackClock "0:00:11"]

1. e4 d5 2. exd5 Qxd5 3. Nc3 Qa5 4. d4 Nf6 5. Bd2 a6 6. Bc4 Nc6 7. Nd5 Qxd5 8. Bxd5 Nxd5 9. Nf3 Bg4 10. c3 O-O-O 11. h3 Bh5 12. Qe2 e6 13. O-O h6 14. b4 g5 15. a4 Nce7 16. b5 a5 17. c4 Nf4 18. Bxf4 gxf4 19. Qe5 Bxf3 20. Qxh8 Be2 21. Rfc1 Ng6 22. Qf6 Rd7 23. c5 c6 24. bxc6 bxc6 25. Rab1 f3 26. g3 Be7 27. Qxf7 Bd3 28. Qxe6 Bxb1 29. Qxc6+ Rc7 30. Qe8+ Bd8 31. Rxb1 Ne7 32. Qb5 h5 33. Qa6+ Kd7 34. Qd6+ Kc8 35. Qe6+ Rd7 36. c6 Nxc6 37. Qxc6+ Bc7 38. Qa8+ Bb8 39. Qxb8# 1-0


[Site "https://www.chess.com"]

[Event "Titled Tuesday Blitz April 25 Late 2023"]
[White "Djokic, Mihailo"]
[Black "Flynn, Jacob"]
[WhiteFideId "976440"]
[BlackFideId "2509393"]
[WhiteElo "2294"]
[BlackElo "2053"]
[Result "0-1"]
[Round "05"]
[TimeControl "180+2"]
[Date "2023.04.25"]
[WhiteClock "0:00:12"]
[BlackClock "0:00:20"]

1. e4 e5 2. Nf3 Nc6 3. Nc3 Nf6 4. Bb5 Bb4 5. O-O O-O 6. d3 Bxc3 7. bxc3 d6 8. Re1 h6 9. d4 Qe7 10. Ba3 Nd7 11. Rb1 a6 12. Bd3 Re8 13. Qd2 Nf6 14. h3 b6 15. Bb2 Bd7 16. c4 exd4 17. Nxd4 Nxd4 18. Bxd4 Qd8 19. Qf4 Bc6 20. Rbd1 Nd7 21. e5 dxe5 22. Bxe5 Qg5 23. Qxg5 hxg5 24. Bxc7 Rxe1+ 25. Rxe1 Rc8 26. Bf5 Rxc7 27. Re8+ Nf8 28. Rb8 b5 29. cxb5 Bxb5 30. Kh2 g6 31. Be4 Kg7 32. Rb6 Ne6 33. Rd6 Nc5 34. Bd5 Rd7 35. Rxd7 Nxd7 36. Kg3 Nb6 37. Bb7 a5 38. Kf3 Bc4 39. a3 Bd5+ 40. Bxd5 Nxd5 41. Ke4 Nf4 42. c4 Kf6 43. h4 Ke6 44. Kf3 Nd3 45. hxg5 Ne5+ 46. Ke4 Nxc4 47. a4 Nb6 48. Kd4 Nxa4 49. Kc4 Nb6+ 50. Kb5 a4 51. Kb4 Kf5 0-1


[Site "https://www.chess.com"]

[Event "Titled Tuesday Blitz April 25 Late 2023"]
[White "Gonzalez Zamora, Juan Carlos"]
[Black "Aldokhin, Ivan"]
[WhiteFideId "3507548"]
[BlackFideId "24115720"]
[WhiteElo "2535"]
[BlackElo "2322"]
[Result "1-0"]
[Round "05"]
[TimeControl "180+2"]
[Date "2023.04.25"]
[WhiteClock "0:00:19"]
[BlackClock "0:00:04"]

1. e4 c5 2. Nf3 e6 3. c3 Nf6 4. e5 Nd5 5. d4 cxd4 6. cxd4 d6 7. Nc3 Nc6 8. exd6 Bxd6 9. Bd3 Nce7 10. O-O O-O 11. Re1 Nxc3 12. bxc3 Nd5 13. c4 Nf4 14. Bf1 b6 15. g3 Ng6 16. Bg2 Bb7 17. h4 h6 18. Qd3 Rc8 19. Bb2 Ne7 20. Rac1 Qc7 21. Nd2 Bxg2 22. Kxg2 Bb4 23. Red1 Bxd2 24. Rxd2 Rfd8 25. Qe2 Qb7+ 26. Kh2 Nf5 27. Rcd1 b5 28. d5 bxc4 29. dxe6 Rxd2 30. exf7+ Qxf7 31. Rxd2 c3 32. Bxc3 Rxc3 33. Rd8+ Kh7 34. Qe4 Rc4 35. Qb1 Qg6 36. Rf8 Nd4 37. Rh8+ Kxh8 38. Qxg6 Rc2 39. Qe8+ Kh7 40. Qe4+ Kh8 41. Qxd4 Rxa2 42. Qd8+ Kh7 43. Qd3+ Kh8 44. Kg2 Kg8 45. Qc4+ Kh8 46. Qxa2 1-0


[Site "https://www.chess.com"]

[Event "Titled Tuesday Blitz April 25 Late 2023"]
[White "Averjanov, Alexey"]
[Black "Baltic, Fatih"]
[WhiteFideId "14109867"]
[BlackFideId "12979090"]
[WhiteElo "2399"]
[BlackElo "2200"]
[Result "1-0"]
[Round "05"]
[TimeControl "180+2"]
[Date "2023.04.25"]
[WhiteClock "0:01:44"]
[BlackClock "0:00:45"]

1. d4 Nf6 2. c4 g6 3. Nc3 Bg7 4. e4 d6 5. Be2 O-O 6. Nf3 Bg4 7. Ng1 Bxe2 8. Ngxe2 c5 9. d5 e6 10. O-O exd5 11. exd5 Re8 12. b3 Ne4 13. Bb2 Nxc3 14. Bxc3 Nd7 15. Bxg7 Kxg7 16. Nc3 Qf6 17. Qd2 a6 18. Rfe1 Ne5 19. Re3 Ng4 20. Rxe8 Rxe8 21. h3 Ne5 22. Re1 Re7 23. Re3 Nd7 24. Qe2 Re5 25. Rxe5 Qxe5 26. Qxe5+ dxe5 27. Kf1 f5 28. Ke2 Kf6 29. Ke3 Ke7 30. a3 Kd6 31. g4 Nf6 32. f3 Ne8 33. a4 b6 34. Ne2 Ke7 35. Kd3 Nd6 36. Ng3 Kf6 37. h4 a5 38. Ne2 Ke7 39. Nc3 Kd7 40. Nb5 Nxb5 41. axb5 Kd6 42. Ke3 Ke7 43. h5 Kd6 44. Kf2 gxh5 45. gxf5 Ke7 46. Kg3 Kf6 47. d6 1-0


[Site "https://www.chess.com"]

[Event "Titled Tuesday Blitz April 25 Late 2023"]
[White "Spata, German"]
[Black "Bryant, Todd"]
[WhiteFideId "113026"]
[BlackFideId "2031299"]
[WhiteElo "2238"]
[BlackElo "2075"]
[Result "1-0"]
[Round "05"]
[TimeControl "180+2"]
[Date "2023.04.25"]
[WhiteClock "0:00:46"]
[BlackClock "0:00:09"]

1. e4 c5 2. Nf3 d6 3. d3 Nc6 4. g3 g6 5. Bg2 Bg7 6. O-O e5 7. Nc3 Nge7 8. Nd2 Be6 9. Nc4 d5 10. exd5 Nxd5 11. Bd2 O-O 12. Re1 Rb8 13. Qc1 b5 14. Ne3 Nce7 15. Ncxd5 Nxd5 16. Nxd5 Bxd5 17. Bh6 Bxg2 18. Kxg2 Qd5+ 19. Kg1 f5 20. Bxg7 Kxg7 21. Qe3 Rbe8 22. c3 f4 23. Qe4 Qxe4 24. Rxe4 fxg3 25. hxg3 Rf3 26. Rd1 Kf7 27. Kg2 Rf6 28. Rde1 Rfe6 29. Rh1 h5 30. g4 Rd8 31. gxh5 gxh5 32. Rxh5 Rxd3 33. Rexe5 Rxe5 34. Rxe5 Rd2 35. Rxc5 Rxb2 36. Rc7+ Kf6 37. Rxa7 Rc2 38. Rb7 Rxc3 39. Rxb5 Ra3 40. Rb2 Kf5 41. Kf1 Kf4 42. Ke1 Kf5 43. Rd2 Ke4 44. Kd1 Ra8 45. Kc1 Kf3 46. Rc2 Ra7 47. Kb1 Rb7+ 48. Ka1 Ra7 49. Rd2 Ra8 50. Kb1 Rb8+ 51. Kc2 Ra8 52. Kb3 Rb8+ 53. Kc4 Rc8+ 54. Kb5 Rb8+ 55. Kc6 Ra8 56. Kb7 Ra3 57. Kb6 Ra8 58. Kb7 Ra3 59. Rb2 Ra4 60. Kb6 Ra3 61. Rb3+ 1-0


[Site "https://www.chess.com"]

[Event "Titled Tuesday Blitz April 25 Late 2023"]
[White "Torres Dominguez, David"]
[Black "Banzea, Alexandru-Bogdan"]
[WhiteFideId "2220857"]
[BlackFideId "1232622"]
[WhiteElo "1999"]
[BlackElo "2294"]
[Result "0-1"]
[Round "05"]
[TimeControl "180+2"]
[Date "2023.04.25"]
[WhiteClock "0:00:48"]
[BlackClock "0:00:07"]

1. e4 c6 2. Nf3 d5 3. d3 g6 4. Be2 Bg7 5. Nbd2 e5 6. O-O Ne7 7. Re1 O-O 8. c3 c5 9. exd5 Nxd5 10. a4 Nc6 11. Nc4 h6 12. Bf1 Qc7 13. Qc2 Be6 14. Bd2 Rae8 15. Rad1 Bc8 16. Bc1 b6 17. Qb3 Bb7 18. Nfd2 Kh7 19. Ne4 Rd8 20. Qc2 f5 21. Ng3 Rde8 22. f3 h5 23. Ne2 Qd8 24. Qd2 f4 25. Kh1 a6 26. Ng1 b5 27. axb5 axb5 28. Na3 Ne3 29. Rxe3 fxe3 30. Qxe3 Qb6 31. b4 Ne7 32. bxc5 Qc6 33. Qe4 Qc8 34. Qb4 Nd5 35. Qb3 Bc6 36. c4 bxc4 37. Nxc4 Qd7 38. Nb6 Nxb6 39. cxb6 Rb8 40. Be3 Bd5 41. Qb4 Bh6 42. Rc1 Bxe3 43. Rb1 Rxb6 44. Qe1 Rxb1 45. Qxb1 Qb7 46. Qd1 Bxg1 47. Kxg1 Rb8 48. Kf2 Qb6+ 49. Kg3 Qd4 50. Qd2 Qf4+ 51. Qxf4 exf4+ 52. Kxf4 Kg7 53. d4 Rb1 54. Bd3 Rb2 55. g3 Rxh2 56. Be4 Bxe4 57. fxe4 Kf6 58. d5 Rf2+ 59. Ke3 Rg2 60. Kf4 g5+ 61. Kf3 Ra2 62. Ke3 Ke5 0-1


[Site "https://www.chess.com"]

[Event "Titled Tuesday Blitz April 25 Late 2023"]
[White "Prieto Aranguren, Alain"]
[Black "Bartel, Mateusz"]
[WhiteFideId "2268906"]
[BlackFideId "1112635"]
[WhiteElo "2209"]
[BlackElo "2521"]
[Result "0-1"]
[Round "05"]
[TimeControl "180+2"]
[Date "2023.04.25"]
[WhiteClock "0:00:15"]
[BlackClock "0:00:34"]

1. d4 Nf6 2. c4 Nc6 3. Nf3 e6 4. g3 Bb4+ 5. Bd2 Bxd2+ 6. Qxd2 d6 7. Nc3 O-O 8. Bg2 e5 9. O-O Bg4 10. e3 Bxf3 11. Bxf3 exd4 12. exd4 Qd7 13. Rfe1 Qh3 14. Bg2 Qg4 15. Ne4 Nxe4 16. Rxe4 Qd7 17. Rae1 Rae8 18. Rxe8 Rxe8 19. Rxe8+ Qxe8 20. Qe3 Qd8 21. Bxc6 bxc6 22. b3 g6 23. Kg2 Kg7 24. h4 a5 25. Qe4 Qd7 26. Qf4 Qe6 27. Qe3 Qf6 28. Qf4 Qxf4 29. gxf4 Kf6 30. Kf3 Kf5 31. a3 c5 32. d5 f6 33. Kg3 Ke4 34. f3+ Kf5 35. a4 h5 36. Kg2 Kxf4 37. Kf2 g5 38. hxg5 fxg5 39. Kg2 Ke3 40. Kg3 Kd3 41. f4 gxf4+ 0-1


[Site "https://www.chess.com"]

[Event "Titled Tuesday Blitz April 25 Late 2023"]
[White "Donchenko, Alexander"]
[Black "Meunier-Pion, Jean"]
[WhiteFideId "24603295"]
[BlackFideId "20685327"]
[WhiteElo "2542"]
[BlackElo "2124"]
[Result "1-0"]
[Round "05"]
[TimeControl "180+2"]
[Date "2023.04.25"]
[WhiteClock "0:01:02"]
[BlackClock "0:00:01"]

1. Nf3 d5 2. g3 Nf6 3. Bg2 c6 4. O-O Bf5 5. d3 h6 6. c4 dxc4 7. Ne5 e6 8. Nxc4 Nbd7 9. Nc3 Be7 10. e4 Bg4 11. Qc2 O-O 12. d4 Re8 13. Bf4 Nb6 14. Ne5 Qxd4 15. h3 Bh5 16. g4 Bg6 17. Nxg6 fxg6 18. Rad1 Qc4 19. b3 Qc5 20. Be3 Qa5 21. f4 Bc5 22. Qf2 Bxe3 23. Qxe3 e5 24. f5 g5 25. Na4 Nxa4 26. bxa4 Qxa4 27. Rb1 b6 28. Rfc1 Red8 29. Qb3+ Qxb3 30. axb3 c5 31. b4 cxb4 32. Rxb4 Rac8 33. Ra1 Rc7 34. Rb5 Re8 35. Rd1 Rd7 36. Ra1 Rc7 37. Kf2 Kf8 38. Ke3 Ree7 39. Ra3 Nd7 40. Rd5 Nc5 41. Rd8+ Re8 42. Rd6 Ke7 43. Rg6 Kf7 44. Bf1 Nd7 45. Rd6 Nc5 46. Bb5 Rec8 47. Bc4+ Kf8 48. Bd5 Ke7 49. Rg6 Kf8 50. f6 gxf6 51. Rxf6+ Kg7 52. Rd6 Rf8 53. Ra1 b5 54. Rc1 b4 55. h4 gxh4 56. Rh1 b3 57. Rxh4 b2 58. Rdxh6 Rg8 59. Rh1 a5 60. Rh7+ Kf8 61. Rxc7 Rxg4 62. Rh8+ 1-0


[Site "https://www.chess.com"]

[Event "Titled Tuesday Blitz April 25 Late 2023"]
[White "Karamsetty, Jeevan"]
[Black "Preotu, Razvan"]
[WhiteFideId "2025337"]
[BlackFideId "2613280"]
[WhiteElo "2111"]
[BlackElo "2407"]
[Result "1-0"]
[Round "05"]
[TimeControl "180+2"]
[Date "2023.04.25"]
[WhiteClock "0:00:07"]
[BlackClock "0:00:02"]

1. e4 c5 2. Nc3 d6 3. f4 g6 4. Nf3 Bg7 5. Bb5+ Bd7 6. Bc4 Nc6 7. O-O e6 8. d3 Nge7 9. Qe1 O-O 10. a4 Nd4 11. Nxd4 cxd4 12. Ne2 d5 13. Bb3 dxe4 14. dxe4 d3 15. Nc3 Nc6 16. e5 Nd4 17. Qf2 Bc6 18. Be3 Nxb3 19. cxb3 Qd7 20. Rad1 b6 21. Rd2 Rfd8 22. Rfd1 Bf8 23. Qf1 Qb7 24. Rxd3 Rxd3 25. Rxd3 Be7 26. Rd2 h5 27. Qd1 h4 28. h3 Kg7 29. Qg4 Rh8 30. Bf2 Rh5 31. Ne2 Bd5 32. Nd4 Bc5 33. f5 exf5 34. Qf4 Bxg2 35. Bxh4 Bd5 36. Bf6+ Kh7 37. Kh2 Bxd4 38. Qxd4 1-0


[Site "https://www.chess.com"]

[Event "Titled Tuesday Blitz April 25 Late 2023"]
[White "Yeritsyan, Hayk"]
[Black "Pakleza, Zbigniew"]
[WhiteFideId "13307320"]
[BlackFideId "1119290"]
[WhiteElo "2241"]
[BlackElo "2410"]
[Result "0-1"]
[Round "05"]
[TimeControl "180+2"]
[Date "2023.04.25"]
[WhiteClock "0:00:03"]
[BlackClock "0:00:01"]

1. d4 d6 2. Nf3 Bg4 3. Bf4 Nc6 4. Nbd2 Nf6 5. h3 Bh5 6. c3 Qd7 7. Qb3 O-O-O 8. O-O-O e6 9. Bh2 h6 10. e3 Bg6 11. Bb5 a6 12. Be2 d5 13. Ne5 Nxe5 14. dxe5 Ne4 15. Nxe4 Bxe4 16. f3 Bg6 17. Bd3 Bxd3 18. Rxd3 Qc6 19. Rhd1 Be7 20. Kb1 b5 21. Qc2 g6 22. e4 dxe4 23. Rxd8+ Rxd8 24. Rxd8+ Kxd8 25. Qxe4 Qxe4+ 26. fxe4 c5 27. c4 Kd7 28. b3 Bd8 29. Kc2 Bc7 30. Kd3 Kc6 31. g4 f6 32. Bf4 h5 33. Bh6 Bxe5 34. Bg7 Bd4 35. Bh8 hxg4 36. hxg4 Kd6 37. Bg7 bxc4+ 38. Kxc4 f5 39. exf5 Bxg7 0-1


[Site "https://www.chess.com"]

[Event "Titled Tuesday Blitz April 25 Late 2023"]
[White "Estrada Nieto, Julian"]
[Black "Jaracz, Pawel"]
[WhiteFideId "5101018"]
[BlackFideId "1102222"]
[WhiteElo "2161"]
[BlackElo "2438"]
[Result "0-1"]
[Round "05"]
[TimeControl "180+2"]
[Date "2023.04.25"]
[WhiteClock "0:00:02"]
[BlackClock "0:00:53"]

1. e4 e5 2. Nf3 Nc6 3. Bb5 Nf6 4. O-O Nxe4 5. Re1 Nd6 6. Nxe5 Be7 7. Bf1 O-O 8. d4 Nf5 9. Nf3 d5 10. Bf4 Be6 11. c3 Qd7 12. Nbd2 Rae8 13. Bd3 f6 14. Qc2 g6 15. h3 Ng7 16. Bh6 Bd6 17. Re2 Bf7 18. Rae1 Rxe2 19. Rxe2 Re8 20. Nf1 Ne6 21. N3h2 Nf4 22. Rxe8+ Qxe8 23. Ng4 Qe7 24. Qd2 Nxd3 25. Qxd3 Be6 26. Qf3 Bxg4 27. hxg4 Qe6 28. Ne3 Ne7 29. Bf4 c6 30. Bxd6 Qxd6 31. g3 b5 32. Kg2 Kg7 33. a3 a5 34. Qf4 Nc8 35. g5 Qxf4 36. gxf4 Nd6 37. gxf6+ Kxf6 38. Ng4+ Kf5 39. Ne5 Nc4 40. Nxc6 Kxf4 41. b3 Nxa3 42. Nxa5 Ke4 43. Nb7 Kd3 44. Kf3 Kxc3 45. Kf4 Kxd4 46. Kg5 h5 47. Kxg6 h4 48. Nd6 h3 49. Nf5+ Ke4 50. Ng3+ Kf3 51. Kg5 d4 52. Kh4 Kg2 53. f4 b4 54. f5 Nb5 55. f6 Nd6 56. Kg4 d3 0-1


[Site "https://www.chess.com"]

[Event "Titled Tuesday Blitz April 25 Late 2023"]
[White "Adewumi, Tanitoluwa"]
[Black "Seletsky, Grigory"]
[WhiteFideId "30966396"]
[BlackFideId "14112191"]
[WhiteElo "2283"]
[BlackElo "2490"]
[Result "1-0"]
[Round "05"]
[TimeControl "180+2"]
[Date "2023.04.25"]
[WhiteClock "0:00:02"]
[BlackClock "0:00:01"]

1. e4 c5 2. Nf3 d6 3. Bb5+ Nc6 4. O-O Bd7 5. Re1 a6 6. Bf1 e5 7. c3 Nf6 8. d4 Be7 9. dxc5 dxc5 10. c4 O-O 11. Nc3 Bg4 12. Nd5 Nd4 13. Be2 Bxf3 14. Bxf3 Nxd5 15. cxd5 b5 16. Be3 Bd6 17. Rc1 Rc8 18. Bg4 Rc7 19. g3 g6 20. Bd2 f5 21. exf5 gxf5 22. Bh5 b4 23. Bh6 Rf6 24. Bg5 Rg7 25. Bh4 Qf8 26. Bxf6 Qxf6 27. Qa4 h6 28. Qe8+ Kh7 29. Kg2 e4 30. Re3 Bf4 31. Rf1 Bxe3 32. fxe3 Nc2 33. Qxe4 fxe4 34. Rxf6 Nxe3+ 35. Kh3 Nxd5 36. Re6 Re7 37. Bg6+ Kg7 38. Rxe7+ Nxe7 39. Bxe4 Kf6 40. Kg4 a5 41. Kf4 a4 42. b3 axb3 43. axb3 Nc8 44. Bd3 Nd6 45. g4 Ke6 46. h4 Kd5 47. g5 Kd4 48. g6 Ne8 49. Bc4 Ng7 50. Bf7 Nh5+ 51. Kf5 Ng3+ 52. Kf6 1-0


[Site "https://www.chess.com"]